Map: Old Sun Temple LE

Players

Kwispy

  • Race: Terran Terran
  • League: Bronze

Busysmile - Winner!

  • Race: Zerg Zerg
  • League: Gold

VOD

Have the link to the VOD?

Description

Time

  • Played on: Nov. 8, 2026, 6:38 p.m.
  • Length: 10:54
Show
View Real Time Build Order
Export as new Build Order

Kwispy Terran 

Build Orders: Mech 

Get SALT Encoding   

  12  0:03  SCV  
  13  0:16  SCV  
  13  0:19  Supply Depot  
  15  0:28  SCV  
  15  0:41  SCV  
  16  0:44  Barracks  
  16  0:53  SCV  
  16  0:55  Refinery  
  17  1:05  SCV  
  18  1:17  SCV  
  19  1:31  Orbital Command  
  19  1:38  Command Center  
  19  1:57  Factory  
  19  2:01  SCV  
  20  2:15  SCV  
  21  2:19  Marine  
  22  2:23  Supply Depot  
  22  2:27  SCV  
  23  2:37  Barracks Tech Lab  
  23  2:45  Factory Reactor  
  23  2:50  Refinery, SCV  
  23  2:51  SCV  
  25  3:00  Supply Depot  
  25  3:11  SCV  
  27  3:15  Orbital Command  
  26  3:23  Hellion x2  
  30  3:30  Marine  
  30  3:31  Factory  
  30  3:33  SCV  
  32  3:38  Supply Depot  
  32  3:46  SCV  
  32  3:47  Armory  
  33  3:48  Marine  
  33  3:49  Armory  
  33  3:50  SCV  
  35  3:58  SCV  
  35  4:02  SCV  
  37  4:10  SCV  
  37  4:16  Hellion x2  
  42  4:26  Command Center  
  42  4:30  Siege Tank  
  45  4:34  Supply Depot  
  45  4:54  SCV x2  
  45  4:58  Supply Depot  
  47  5:02  Terran Vehicle And Ship Armor Level 1, Terran Vehicle Weapons Level 1  
  47  5:06  SCV  
  47  5:07  SCV  
  49  5:12  Factory  
  49  5:18  SCV  
  49  5:19  SCV  
  51  5:27  Siege Tank  
  51  5:28  Hellion x2  
  58  5:42  Supply Depot  
  52  5:50  Hellion x2  
  52  5:56  SCV  
  52  5:57  SCV  
  58  5:59  Siege Tank  
  61  6:04  Supply Depot  
  61  6:08  SCV  
  61  6:09  SCV  
  61  6:16  Hellion  
  61  6:17  Hellion  
  51  6:41  Siege Tank, Hellion  
  51  6:42  Hellion  
  51  6:46  Factory Reactor  
  58  6:50  Factory  
  58  6:56  Terran Vehicle And Ship Armor Level 2  
  58  7:02  SCV x3  
  61  7:11  Refinery  
  61  7:12  Refinery  
  61  7:14  Hellion x2, SCV x3  
  68  7:20  Hellion  
  70  7:28  Hellion x2  
  74  7:35  Hellion  
  79  7:44  Hellion x2  
  79  8:02  Hellion x3  
  79  8:04  Siege Tank  
  88  8:17  Hellion  
  90  8:20  Factory Tech Lab  
  90  8:24  Hellion  
  90  8:25  Hellion x2  
  72  8:41  SCV x3  
  74  8:44  Hellion  
  74  8:46  Hellion  
  73  8:49  Thor  
  73  8:53  SCV x2  
  81  9:05  SCV x2  
  81  9:06  SCV  
  88  9:17  Hellion x4, SCV  
  88  9:18  SCV, Thor  
  100  9:25  SCV  
  101  9:42  SCV x3  
  92  9:53  Hellion  
  92  9:54  Hellion x3  
  97  10:01  SCV x2  
  98  10:07  Supply Depot  
  98  10:08  Supply Depot  
  98  10:13  Siege Tank  
  101  10:27  SCV x2  
  104  10:39  SCV x2  
Show
View Real Time Build Order
Export as new Build Order

Busysmile Zerg - Winner!

Build Orders: Pool First, Swarm Host 

Get SALT Encoding   

  12  0:00  Drone  
  13  0:17  Overlord  
  13  0:21  Drone  
  14  0:37  Drone x2  
  14  0:42  Spawning Pool  
  15  0:45  Drone  
  16  0:52  Drone  
  17  1:03  Drone  
  18  1:11  Extractor  
  18  1:15  Drone, Extractor  
  17  1:30  Queen  
  17  1:31  Drone  
  20  1:34  Drone  
  21  1:45  Zergling x2  
  22  2:03  Overlord  
  22  2:06  Overlord  
  22  2:08  Lair  
  22  2:20  Overlord  
  22  2:33  Drone  
  23  2:53  Drone  
  23  2:54  Drone x2  
  26  3:05  Drone  
  27  3:14  Infestation Pit  
  26  3:23  Nydus Network  
  26  3:26  Drone x3  
  27  4:16  Swarm Host  
  27  4:17  Swarm Host x5  
  45  4:37  Hatchery  
  44  4:40  Overlord  
  44  4:41  Overlord  
  44  4:43  Extractor  
  43  4:48  Extractor  
  42  4:57  Nydus Canal  
  42  5:04  Swarm Host x3  
  51  5:21  Swarm Host  
  54  6:00  Swarm Host  
  54  6:01  Swarm Host x2  
  63  6:10  Drone  
  64  6:11  Zergling x2  
  64  6:12  Drone x3  
  68  6:19  Overlord x2  
  68  6:39  Nydus Canal  
  68  6:47  Swarm Host x3  
  77  7:11  Zergling x2  
  77  8:36  Swarm Host  
  77  8:37  Swarm Host  
  77  8:41  Overlord x4  
  80  9:12  Nydus Canal  
  80  9:19  Overseer  
  80  9:21  Swarm Host  
  80  9:22  Swarm Host x5  
  98  9:57  Nydus Canal  
  98  10:12  Swarm Host  
  98  10:13  Swarm Host x5  
Tags
 
Add a new tag
Caveats
  • Supply blocks, unpowered buildings, or Contaminate may cause inaccurate times.
  • Supply counts are checked every 10 seconds.